 Dungeon Crawl Stone Soup version 0.22.0-13-g43fe8f2 (webtiles) character file.

870 Amnesiac the Chucker (level 7, 0/56 HPs)
             Began as a Mummy Assassin on Aug 16, 2018.
             Was a Follower of Okawaru.
             Killed from afar by Sigmund (16 damage)
             ... with a puff of flame
             ... on level 4 of the Dungeon.
             The game lasted 00:14:59 (5533 turns).

Amnesiac the Chucker (Mummy Assassin)               Turns: 5533, Time: 00:15:00

Health: 0/56       AC:  4    Str: 14    XL:     7   Next: 73%
Magic:  7/7        EV: 11    Int: 10    God:    Okawaru [*.....]
Gold:   352        SH:  0    Dex: 16    Spells: 6/6 levels left

rFire    x . .     SeeInvis .   b - +0 blowgun
rCold    + . .     Gourm    .   (no shield)
rNeg     + + +     Faith    .   c - +0 robe
rPois    ∞         Spirit   .   p - +0 helmet (curse)
rElec    .         Reflect  .   d - +0 cloak
rCorr    .         Harm     .   (no gloves)
MR       .....                  (no boots)
Stlth    +++.......             (no amulet)
HPRegen  0.18/turn              (no ring)
MPRegen  0.10/turn              (no ring)

@: no status effects
A: no food or potions, fire vulnerability, cold resistance 1, negative energy
resistance 3, torment resistance, unbreathing
a: Heroism, Renounce Religion


You were on level 4 of the Dungeon.
You worshipped Okawaru.
Okawaru was aware of your devotion.
You were not hungry.

You visited 2 branches of the dungeon, and saw 7 of its levels.
You also visited: Sewer.

You collected 352 gold pieces.

Inventory:

Hand Weapons
 a - a +0 hunting sling
 b - a +0 blowgun (weapon)
 m - a +2 dagger
Missiles
 e - 11 poisoned needles (quivered)
 o - a throwing net
 r - 273 stones
 s - 23 sling bullets
Armour
 c - a +0 robe (worn)
 d - a +0 cloak (worn)
 p - a cursed +0 helmet (worn)
Wands
 h - a wand of acid (9)
 l - a wand of random effects (20)
Scrolls
 f - a scroll of remove curse {!r}
 g - a scroll of fear {!r}
 i - a scroll of noise {!r}
 j - 4 scrolls of identify {!r}
 k - 3 scrolls of teleportation {!r}
 n - a scroll of enchant weapon {!r}
 q - 2 scrolls of blinking {!r}


   Skills:
 + Level 5.1 Fighting
 - Level 2.0 Short Blades
 * Level 5.8 Throwing
 - Level 0.7 Dodging
 - Level 4.0 Stealth


You had 6 spell levels left.
You didn't know any spells.
Your spell library was empty.

Dungeon Overview and Level Annotations

Branches:
Dungeon (6/15)             Temple (1/1) D:6

Altars:
Ashenzari
Cheibriados
Elyvilon
Fedhas
Hepliaklqana
Nemelex Xobeh
Okawaru
Qazlal
Ru
Sif Muna
Uskayaw
Wu Jian
Xom
Yredelemnul

Shops:
D:4 (

Annotations:
D:4 Sigmund


Innate Abilities, Weirdness & Mutations

You do not eat or drink.
Your flesh is vulnerable to fire.
You are immune to poison.
Your flesh is cold resistant. (rC+)
You are immune to negative energy. (rN+++)
You are immune to unholy pain and torment.
You can survive without breathing.


Message History

Sigmund barely misses you.
Firing (i - inventory. (/) - cycle)
e - 17 poisoned needles (quivered)
Press: ? - help, Shift-Dir - straight line, f/p - Sigmund
Aim: Sigmund, wielding a scythe and wearing a glowing robe You shoot a poisoned needle.
The poisoned needle hits Sigmund.
Sigmund is poisoned.
Sigmund whispers, "You'll know eternity soon."
Sigmund gestures wildly while chanting.
Sigmund flickers and vanishes!
Deactivating autopickup; reactivate with Ctrl-A.
Something hits you!
* * * LOW HITPOINT WARNING * * *
You hear some strange, mumbled words.
Something tries to affect you, but you resist.
Something tries to affect you, but you resist.
You are confused.
Sigmund appears from thin air!
Reactivating autopickup.
You bump into the rock wall.
You bump into the rock wall.
You're too confused to move!
You feel less confused.
Firing (i - inventory. (/) - cycle)
e - 16 poisoned needles (quivered)
Press: ? - help, Shift-Dir - straight line, f/p - Sigmund
Aim: Sigmund, wielding a scythe and wearing a glowing robe (lightly wounded)
You shoot a poisoned needle. The poisoned needle hits Sigmund.
Sigmund is poisoned.
Sigmund is lightly wounded.
Firing (i - inventory. (/) - cycle)
e - 15 poisoned needles (quivered)
Press: ? - help, Shift-Dir - straight line, f/p - Sigmund
Aim: Sigmund, wielding a scythe and wearing a glowing robe (lightly wounded, poisoned)
You shoot a poisoned needle.
The poisoned needle closely misses Sigmund.
Sigmund hits you from afar with a scythe!
* * * LOW HITPOINT WARNING * * *
Firing (i - inventory. (/) - cycle)
e - 14 poisoned needles (quivered)
Press: ? - help, Shift-Dir - straight line, f/p - Sigmund
Aim: Sigmund, wielding a scythe and wearing a glowing robe (lightly wounded, poisoned)
You shoot a poisoned needle. The poisoned needle hits Sigmund.
Sigmund looks even sicker.
Sigmund is lightly wounded.
Firing (i - inventory. (/) - cycle)
e - 13 poisoned needles (quivered)
Press: ? - help, Shift-Dir - straight line, f/p - Sigmund
Aim: Sigmund, wielding a scythe and wearing a glowing robe (lightly wounded, poisoned)
You shoot a poisoned needle.
The poisoned needle closely misses Sigmund.
Sigmund hits you from afar with a scythe!
* * * LOW HITPOINT WARNING * * *
Firing (i - inventory. (/) - cycle)
e - 12 poisoned needles (quivered)
Press: ? - help, Shift-Dir - straight line, f/p - Sigmund
Aim: Sigmund, wielding a scythe and wearing a glowing robe (lightly wounded, poisoned)
You shoot a poisoned needle. The poisoned needle hits Sigmund!
Sigmund looks as sick as possible!
Sigmund is lightly wounded.
Evoke which item? (* to show all) (? for menu, Esc to quit)
Aiming: Corrosive Bolt
Press: ? - help, Shift-Dir - straight line, f/p - Sigmund
Aim: Sigmund, wielding a scythe and wearing a glowing robe (lightly wounded, poisoned)
The bolt of acid hits Sigmund.
Sigmund is splashed with acid.
Sigmund is severely wounded.
Sigmund closely misses you. Sigmund gestures at you while chanting.
The puff of flame hits you! The fire burns you terribly!
You die...

...........#
#.###.#
##.####.#.######.#
#.#
##......#..@.....#
#.#
##.###########.#(#
#.# ##........#
#.#.# #.#
##..#####.# #.#@#
#.# ##..# #.#
#.#.# #.# ###.#
#.# #.#.# #.#
#...# #.# #.#@#
#.# #.### #.#
#.#.# #.#
#.#.#####.# #.#.#
#.# #.#.......#
#.#.# #.#
#.#.####### #.#.#
#.# ..#.# #.#.#
#.# ....# #.#.#
#.#
..############.#.#
#.#
(>...........#.#.#
#.#


You could see Sigmund.

Vanquished Creatures
  A phantom (D:4)
  2 ogres (D:4)
  A crocodile (Sewer)
  A bullfrog (D:6)
  A jelly (D:4)
  A bullfrog skeleton (D:4)
  A hound (D:4)
  An orc wizard (D:3)
  An iguana (D:6)
  2 worker ants
  Natasha (thrice) (D:2)
  A hound skeleton (D:4)
  Robin (D:3)
  An adder (D:4)
  3 gnolls (D:2)
  A shadow imp (D:5)
  2 oozes
  An adder skeleton (D:4)
  2 worms (D:2)
  3 leopard geckos
  6 orcs
  14 bats
  4 giant cockroaches
  24 goblins
  6 hobgoblins
  4 jackals (D:3)
  2 quokkas
  3 ball pythons
  4 frilled lizards
  A jackal skeleton (D:6)
  6 kobolds
  A leopard gecko skeleton (D:4)
  12 rats
117 creatures vanquished.

Vanquished Creatures (others)
  A ghoul (D:1)
  A draconian (D:1)
  2 octopodes (D:1)
  3 vine stalkers (D:1)
  2 trolls (D:1)
  A vampire (D:1)
  A spriggan (D:1)
  A formicid (D:1)
  A dwarf (D:1)
  A mummy (D:1)
  An orc (D:1)
  4 tentacles (D:1)
19 creatures vanquished.

Grand Total: 136 creatures vanquished

Notes
Turn   | Place    | Note
-------+----------+-------------------------------------------
     0 | D:1      | Amnesiac the Mummy Assassin began the quest for the Orb.
     0 | D:1      | Reached XP level 1. HP: 16/16 MP: 1/1
     2 | D:1      | Noticed a vine stalker
     2 | D:1      | Noticed a ghoul
     2 | D:1      | Noticed a vine stalker
     2 | D:1      | Noticed a formicid
     2 | D:1      | Noticed a dwarf
     2 | D:1      | Noticed a vine stalker
     2 | D:1      | Noticed a kraken
     2 | D:1      | Noticed a draconian
     2 | D:1      | Noticed an octopode
     2 | D:1      | Noticed a spriggan
     2 | D:1      | Noticed an octopode
     2 | D:1      | Noticed a troll
     2 | D:1      | Noticed a troll
     2 | D:1      | Noticed a vampire
     5 | D:1      | Killed a dwarf
     7 | D:1      | Killed a vine stalker
     9 | D:1      | Killed an octopode
    10 | D:1      | Killed a spriggan
    11 | D:1      | Killed a vine stalker
    11 | D:1      | Killed an octopode
    12 | D:1      | Killed a vine stalker
    14 | D:1      | Killed a formicid
    14 | D:1      | Killed a troll
    15 | D:1      | Killed a draconian
    16 | D:1      | Killed a vampire
    16 | D:1      | Killed a troll
    18 | D:1      | Killed a ghoul
   214 | D:2      | Noticed Natasha
   217 | D:2      | Noticed an iron imp
   230 | D:2      | Killed Natasha
   230 | D:2      | Reached XP level 2. HP: 23/23 MP: 2/2
   230 | D:2      | Reached XP level 3. HP: 28/28 MP: 3/3
   438 | D:2      | Noticed Natasha
   447 | D:2      | Killed Natasha
   490 | D:2      | Reached XP level 4. HP: 25/34 MP: 4/4
  1170 | D:4      | Noticed an ogre
  1193 | D:4      | Killed an ogre
  1193 | D:4      | Reached XP level 5. HP: 41/41 MP: 5/5
  1218 | D:4      | Found Vaocw's Antique Weapon Shoppe.
  1270 | D:5      | Entered Level 5 of the Dungeon
  1311 | D:6      | Found a staircase to the Ecumenical Temple.
  1321 | Temple   | Entered the Ecumenical Temple
  1395 | Temple   | Became a worshipper of Warmaster Okawaru
  1462 | D:6      | Found a glowing drain.
  1465 | D:5      | Noticed an ice beast
  1485 | Sewer    | Entered a sewer
  1575 | Sewer    | Noticed a crocodile
  1598 | Sewer    | Killed a crocodile
  1598 | Sewer    | Reached XP level 6. HP: 48/48 MP: 6/6
  1679 | D:6      | Reached * piety under Okawaru
  1909 | D:2      | Noticed Natasha
  1917 | D:2      | Killed Natasha
  3267 | D:3      | Noticed Robin
  3288 | D:3      | Killed Robin
  3516 | D:3      | Reached XP level 7. HP: 55/55 MP: 7/7
  3688 | D:4      | Reached skill level 5 in Throwing
  5042 | D:4      | Reached skill level 5 in Fighting
  5371 | D:5      | Noticed Sigmund
  5533 | D:4      | Killed from afar by Sigmund

Skill      XL: |  1  2  3  4  5  6  7 |
---------------+----------------------+-----
Short Blades   | 2 |  2.0
Throwing       | 2 3 4 5 |  5.8
Fighting       | 3 4 5 |  5.1
Stealth        | 4 |  4.0
Dodging        | |  0.7

Action                   |  1- 3 |  4- 6 |  7- 9 || total
-------------------------+-------+-------+-------++-------
Melee: Dagger            |    37 |   217 |    91 ||   345
 Fire: Blowgun           |     6 |    56 |    24 ||    86
       Hunting sling     |       |       |    61 ||    61
Evoke: Wand              |       |     1 |     1 ||     2
  Use: Scroll            |       |     4 |     4 ||     8
 Stab: Sleeping          |     1 |     6 |     2 ||     9
Armor: Robe              |     9 |    66 |    14 ||    89
Dodge: Dodged            |    23 |   138 |    48 ||   209
